 Dungeon Crawl Stone Soup version 0.28.0-49-g6dfe1f597d (webtiles) character file.

Game seed: 10793216156677410034

14702 issech the Basher (level 11, -15/96 HPs)
             Began as a Troll Monk on May 13, 2022.
             Was a High Priest of Hepliaklqana.
             Demolished by a boulder beetle (26 damage)
             ... on level 11 of the Dungeon.
             The game lasted 00:47:29 (10393 turns).

issech the Basher (Troll Monk)                     Turns: 10393, Time: 00:47:30

Health: -15/96     AC:  8    Str: 27    XL:     11   Next: 92%
Magic:  10/10      EV: 15    Int: 10    God:    Hepliaklqana [*****.]
Gold:   784        SH:  5    Dex: 19    Spells: 10/10 levels left

rFire   + . .      SeeInvis +   S - +8 mace of Gin and Tonic {vorpal, SInv}
rCold   x . .      Faith    .   (no shield)
rNeg    . . .      Spirit   .   J - +3 robe of Patterns {Int+4 Dex+3 Stlth-}
rPois   .          Reflect  +   (helmet restricted)
rElec   .          Harm     .   H - +0 cloak
rCorr   .          Rampage  .   (gloves unavailable)
Will    .....                   (boots unavailable)
Stlth   ++........              T - amulet of reflection
HPRegen 1.06/turn               i - ring of fire
MPRegen 0.12/turn               O - +6 ring of strength

@: no status effects
A: reduced essence, large, unfitting armour, claws 3, regeneration 1, shaggy fur
1, tough skin 1
a: Renounce Religion, Recall Ancestor, Ancestor Identity, Transference, Idealise


You were on level 11 of the Dungeon.
You worshipped Hepliaklqana.
Hepliaklqana was extremely pleased with you.
You visited 2 branches of the dungeon, and saw 14 of its levels.

You collected 784 gold pieces.

Inventory:

Hand Weapons
 a - a +3 great sword
 c - a +0 giant spiked club
 d - a +0 hand crossbow
 m - a +1 mace of protection
 s - a +0 shortbow of freezing
 N - a +0 morningstar
 P - a +4 war axe
 Q - a +2 quarterstaff of chaos
 R - a +3 vorpal long sword
 S - the +8 mace of Gin and Tonic (weapon) {vorpal, SInv}
   (You found it on level 7 of the Dungeon)

   It inflicts extra damage upon your enemies.
   SInv:      It lets you see invisible.
 Z - a +4 quarterstaff
Missiles
 f - 300 stones
 g - 282 arrows
 l - 2 javelins
 p - 2 large rocks (quivered)
 x - 19 bolts
 D - 50 sling bullets
 L - 8 poisoned darts
 M - a throwing net
Armour
 b - a +1 robe
 F - a scarf of invisibility
 H - a +0 cloak (worn)
 J - the +3 robe of Patterns (worn) {Int+4 Dex+3 Stlth-}
   (You found it on level 9 of the Dungeon)

   Int:       It affects your intelligence (+4).
   Dex:       It affects your dexterity (+3).
   Stlth:     It makes you less stealthy.
 V - +0 steam dragon scales
Jewellery
 i - a ring of fire (left claw)
 O - a +6 ring of strength (right claw)
 T - an amulet of reflection (around neck)
Wands
 w - a wand of digging (1)
 B - a wand of mindburst (6)
 I - a wand of paralysis (19)
 K - a wand of polymorph (22)
 Y - a wand of flame (10)
Scrolls
 h - 3 scrolls of fear
 k - 2 scrolls of blinking
 o - 4 scrolls of teleportation
 q - 5 scrolls of enchant armour
 t - a scroll of torment
 u - 3 scrolls of fog
 y - a scroll of magic mapping
 U - 3 scrolls of vulnerability
 W - a scroll of noise {unknown}
 X - a scroll of enchant weapon
Potions
 e - 3 potions of degeneration {unknown}
 j - a potion of mutation
 n - 3 potions of lignification {unknown}
 v - a potion of might {unknown}
 z - 3 potions of flight {unknown}
 A - 6 potions of curing {unknown}
 C - 2 potions of cancellation {unknown}
 E - 2 potions of berserk rage {unknown}
 G - 2 potions of brilliance {unknown}


   Skills:
 + Level 6.8 Fighting
 + Level 11.3 Maces & Flails
 + Level 2.0 Crossbows
 + Level 3.4 Throwing
 + Level 8.6 Dodging
 + Level 3.9 Stealth
 + Level 3.7 Shields


You had 10 spell levels left.
You didn't know any spells.
Your spell library contained the following spells:

 Spells                   Type           Power      Damage    Failure   Level
 Sandblast                Erth           0%         2d4       36%         1
 Passwall                 Tmut/Erth      0%         N/A       50%         2
 Inner Flame              Hex/Fire       0%         N/A       75%         3
 Spider Form              Tmut/Pois      0%         N/A       75%         3
 Stone Arrow              Conj/Erth      0%         3d7       75%         3
 Animate Armour           Summ/Erth      0%         N/A       98%         4
 Cause Fear               Hex            0%         N/A       98%         4
 Hailstorm                Conj/Ice       0%         3d3       98%         4
 Petrify                  Tmut/Erth      0%         N/A       98%         4
 Blade Hands              Tmut           0%         N/A       100%        5
 Fireball                 Conj/Fire      0%         3d3       100%        5
 Iskenderun's Battlesphe  Conj           0%         2d6       100%        5
 Metabolic Englaciation   Hex/Ice        0%         N/A       100%        5
 Conjure Ball Lightning   Conj/Air       0%         3x3d6     100%        6
 Iron Shot                Conj/Erth      0%         9d1       100%        6
 Statue Form              Tmut/Erth      0%         N/A       100%        6
 Orb of Destruction       Conj           0%         9d5       100%        7
 Discord                  Hex            0%         N/A       100%        8


Dungeon Overview and Level Annotations

Branches:
Dungeon (13/15)            Temple (1/1) D:4            Lair (0/6) D:9
    Orc: D:9-12      Vaults: D:13-14

Altars:
Ashenzari
Dithmenos
Elyvilon
Fedhas
Gozag
Hepliaklqana
Kikubaaqudgha
Makhleb
Nemelex Xobeh
Okawaru
Qazlal
Ru
Sif Muna
Trog
Uskayaw
Vehumet
Wu Jian
Xom
Yredelemnul
Zin
The Shining One
Lugonu

Shops:
D:12 (

Annotations:
D:5 2 transporters, GilGalad's ghost, novice OpFE


Innate Abilities, Weirdness & Mutations

Your life essence is reduced to manifest your ancestor. (-10% HP)
You are too large for most types of armour.
You have claws for hands.
Your natural rate of healing is unusually fast.
You are covered in fur. (AC +1)
You have tough skin. (AC +1)


Message History

You thump the killer bee!
The killer bee is almost dead.
The killer bee stings you.
Xiloxoch casts a spell at the killer bee.
The stone arrow hits the killer bee!
The killer bee dies!
A boulder beetle comes into view.
The manticore completely misses you. You block the manticore's attack.
The manticore misses you.
You bludgeon the manticore!!
The manticore is heavily wounded.
The manticore bites you!
The manticore claws you but does no damage.
The manticore misses you.
You thump the manticore!
The manticore is severely wounded.
You block the manticore's attack. The manticore claws you.
The manticore misses you.
You hit the manticore.
The manticore is severely wounded.
The manticore closely misses you.
The manticore claws you but does no damage.
The manticore claws you!
* * * LOW HITPOINT WARNING * * *
You thump the manticore!
The manticore is almost dead.
You hit the manticore.
You kill the manticore!
Xiloxoch gestures at the boulder beetle while chanting.
The puff of frost hits the boulder beetle!
You hit the boulder beetle but do no damage.
The boulder beetle is lightly wounded.
The boulder beetle bites you!!
* * * LOW HITPOINT WARNING * * *
Xiloxoch hits the boulder beetle with a +0 quarterstaff!!
You hit the boulder beetle.
The boulder beetle is heavily wounded.
The boulder beetle leaps!
The boulder beetle bites you!!
You die...

....# # ..... .... .
.... . #..##. .#.##..
#..B. ....... ## #...#
....... ..#..#...#
.....##
.........######.......
#......°.>†.).......
#.##.....@.y........
#...†#RB.##......
..[....#.### .#....
....##..#.. .# ...
..... ..)...# #! ..#
.#...........#. ....
##...>........ .....
........##.##.....
#.........


You could see the friendly Xiloxoch the battlemage, a boulder beetle (ally
target) and a killer bee.

Vanquished Creatures
  A boulder beetle (D:12)
  A centaur warrior (D:13)
  2 two-headed ogres
  A tengu warrior (D:10)
  An ugly thing (D:12)
  2 manticores
  A troll (D:10)
  A polar bear (D:10)
  4 slime creatures (D:12)
  A wraith (D:9)
  A steam dragon (D:8)
  Edmund (D:6)
  An orc warrior (D:7)
  A necrophage (D:7)
  9 centaurs
  A kobold brigand (D:6)
  The ghost of bnorton916 the Magician, an amateur DEVM (D:4)
  3 bullfrogs (D:9)
  A gnoll sergeant (D:13)
  A scorpion (D:9)
  9 killer bees
  6 wights (D:9)
  2 centaur zombies
  An orc priest (D:7)
  2 hounds (D:4)
  A jelly (D:7)
  A centaur skeleton (D:4)
  A gnoll shaman (D:8)
  Terence (D:2)
  Jessica (D:2)
  2 iguanas
  4 orc wizards
  2 hound skeletons (D:4)
  8 gnolls
  3 adders
  A white imp (D:8)
  3 dart slugs
  17 orcs
  3 bats
  8 endoplasms
  A giant cockroach (D:1)
  7 goblins
  7 hobgoblins
  11 kobolds
  5 quokkas
  13 ball pythons
  3 frilled lizards (D:2)
  5 rats
  A bush (D:10)
164 creatures vanquished.

Vanquished Creatures (collateral kills)
  A hydra (D:12)
  A centaur warrior (D:13)
  A skeletal warrior (D:13)
  A cyclops (D:9)
  A polar bear (D:10)
  A hornet (D:7)
  Prince Ribbit (D:7)
  3 slime creatures (D:12)
  Sigmund (D:6)
  2 steam dragons (D:7)
  An acid dragon (D:10)
  6 orc warriors
  A sky beast (D:6)
  2 ice beasts
  5 centaurs
  A phantom (D:6)
  2 bullfrogs (D:9)
  A wyvern zombie (D:8)
  2 scorpions
  3 killer bees
  A howler monkey (D:7)
  A wight (D:9)
  A bullfrog zombie (D:4)
  Crazy Yiuf (D:7)
  A hound (D:5)
  A jelly (D:7)
  2 centaur skeletons
  2 iguanas
  3 orc wizards (D:7)
  2 hound zombies (D:5)
  7 gnolls
  3 adders
  A white imp (D:5)
  10 orcs
  A hobgoblin (D:4)
  3 kobolds
77 creatures vanquished.

Vanquished Creatures (others)
  6 battlemagi
  19 fungi (D:9)
  12 plants (D:9)
37 creatures vanquished.

Grand Total: 278 creatures vanquished

Notes
Turn   | Place    | Note
-------+----------+-------------------------------------------
     0 | D:1      | issech the Troll Monk began the quest for the Orb.
     0 | D:1      | Reached XP level 1. HP: 22/22 MP: 0/0
   194 | D:1      | Reached XP level 2. HP: 29/29 MP: 1/1
   423 | D:1      | Reached skill level 3 in Maces & Flails
   766 | D:2      | Reached XP level 3. HP: 23/36 MP: 2/2
   797 | D:2      | Found a burning altar of Makhleb.
   917 | D:2      | Reached XP level 4. HP: 18/45 MP: 3/3
  1142 | D:2      | Noticed Terence
  1167 | D:2      | Killed Terence
  1253 | D:2      | Noticed Jessica
  1261 | D:2      | Killed Jessica
  1262 | D:2      | Reached skill level 4 in Maces & Flails
  1262 | D:2      | Reached XP level 5. HP: 52/53 MP: 4/4
  1578 | D:3      | Found a faded altar of an unknown god.
  2561 | D:4      | Found a sacrificial altar of Ru.
  2625 | D:4      | Found a staircase to the Ecumenical Temple.
  2672 | Temple   | Entered the Ecumenical Temple
  2702 | Temple   | Became a worshipper of Hepliaklqana the Forgotten
  2702 | Temple   | Reached * piety under Hepliaklqana
  2702 | Temple   | Reached ** piety under Hepliaklqana
  2703 | Temple   | Remembered your ancestor Xiloxoch as a battlemage
  2757 | D:4      | Reached XP level 6. HP: 54/54 MP: 5/5
  2960 | D:4      | Reached skill level 5 in Maces & Flails
  3120 | D:4      | Found a runed translucent gate.
  3121 | D:4      | Found a runed translucent gate.
  3121 | D:4      | Found a runed translucent gate.
  3150 | D:4      | Noticed bnorton916's ghost (amateur DEVM)
  3261 | D:4      | Found a glowing silver altar of Zin.
  3287 | D:4      | Found an opulent altar of Gozag.
  3406 | D:4      | Killed bnorton916's ghost
  3451 | D:5      | Entered Level 5 of the Dungeon
  3469 | D:5      | Found a transporter.
  3488 | D:5      | Reached XP level 7. HP: 60/60 MP: 6/6
  3488 | D:5      | Noticed GilGalad's ghost (novice OpFE)
  3874 | D:5      | Found a transporter.
  4041 | D:6      | Reached skill level 6 in Maces & Flails
  4072 | D:6      | Got the Handbook of Cold and Poisoning
  4079 | D:6      | Noticed Edmund
  4092 | D:6      | Killed Edmund
  4101 | D:6      | Reached XP level 8. HP: 70/70 MP: 7/7
  4240 | D:6      | Noticed Sigmund
  4247 | D:6      | Killed Sigmund
  4338 | D:6      | Reached skill level 7 in Maces & Flails
  4379 | D:6      | Reached skill level 5 in Dodging
  4385 | D:6      | Reached skill level 1 in Throwing
  4421 | D:6      | Reached *** piety under Hepliaklqana
  4507 | D:6      | Found a glowing golden altar of the Shining One.
  4928 | D:7      | Reached XP level 9. HP: 41/76 MP: 8/8
  5038 | D:7      | Reached skill level 8 in Maces & Flails
  5322 | D:7      | Found a burning altar of Makhleb.
  5622 | D:7      | Paralysed by a hornet for 2 turns
  5626 | D:7      | Reached skill level 5 in Fighting
  5666 | D:7      | Noticed Prince Ribbit
  5680 | D:7      | Killed Prince Ribbit
  5959 | D:7      | Found a runed translucent door.
  5960 | D:7      | Noticed Crazy Yiuf
  5968 | D:7      | Killed Crazy Yiuf
  5972 | D:7      | Identified the +8 mace of Gin and Tonic {vorpal, SInv}
  6051 | D:8      | Reached **** piety under Hepliaklqana
  6418 | D:8      | Found a sparkling altar of Nemelex Xobeh.
  6421 | D:8      | Found an ornate altar of the Wu Jian Council.
  6421 | D:8      | Found a shadowy altar of Dithmenos.
  6423 | D:8      | Found a radiant altar of Vehumet.
  6462 | D:8      | Reached skill level 9 in Maces & Flails
  7032 | D:8      | Reached XP level 10. HP: 86/86 MP: 9/9
  7797 | D:9      | Found an iron altar of Okawaru.
  7845 | D:9      | Found a hide-covered altar of Uskayaw.
  7931 | D:9      | Noticed a two-headed ogre
  7934 | D:9      | Noticed a cyclops
  7939 | D:9      | Killed a two-headed ogre
  7940 | D:9      | Reached skill level 1 in Crossbows
  7940 | D:9      | Reached skill level 1 in Shields
  7944 | D:9      | Killed a cyclops
  8168 | D:9      | Identified the +3 robe of Patterns {Int+4 Dex+3 Stlth-}
  8175 | D:9      | Found a staircase to the Lair.
  8297 | D:9      | Found a shimmering blue altar of Sif Muna.
  8541 | D:10     | Entered Level 10 of the Dungeon
  8561 | D:10     | Reached skill level 10 in Maces & Flails
  8701 | D:10     | Reached ***** piety under Hepliaklqana
  8710 | D:10     | Found a bloodstained altar of Trog.
  8821 | D:10     | Noticed a tengu warrior
  8835 | D:10     | Killed a tengu warrior
  9075 | D:10     | Reached XP level 11. HP: 94/94 MP: 10/10
  9150 | D:10     | Found a blossoming altar of Fedhas.
  9243 | D:10     | Found a broken altar of Ashenzari.
  9265 | D:10     | You fall into a shaft and drop 3 floors!
  9313 | D:12     | Noticed a seven-headed hydra
  9313 | D:12     | Noticed a five-headed hydra
  9346 | D:13     | Noticed a centaur warrior
  9372 | D:13     | Killed a centaur warrior
  9421 | D:13     | Noticed a centaur warrior
  9428 | D:13     | Killed a centaur warrior
  9510 | D:13     | Noticed a skeletal warrior
  9525 | D:13     | Killed a skeletal warrior
  9557 | D:13     | Noticed a death knight
  9841 | D:12     | Noticed a brown ugly thing
  9853 | D:12     | Killed a brown ugly thing
  9942 | D:12     | Killed a seven-headed hydra
  9943 | D:12     | Reached skill level 11 in Maces & Flails
  9995 | D:12     | Noticed a boulder beetle
 10033 | D:12     | Killed a boulder beetle
 10159 | D:12     | Found Bayneuk's Antique Weapon Shop.
 10307 | D:11     | Noticed a two-headed ogre
 10315 | D:11     | Killed a two-headed ogre
 10355 | D:11     | Noticed a boulder beetle
 10384 | D:11     | Noticed a boulder beetle
 10393 | D:11     | Demolished by a boulder beetle

Illustrated notes

Levels and vault maps discovered:
D:1:      grunt_arrival_crossed_arrows, layout_loops_ring, minmay_bisected
D:2:      layout_loops_ring, basic_altar, uniq_jessica, uniq_terence
D:3:      layout_loops_cross, nicolae_ecumenical_snake_handling,
          minmay_strange_pillars
D:4:      layout_layer_cave, pdpol_temple_overflow_zin_treasury_gozag_greed,
          nicolae_ru_path_of_blood, temple_pool_b, gammafunk_ghost_necromancy
D:5:      layout_rooms, gammafunk_ghost_mausoleum
D:6:      layout_basic, tso_metal_star, uniq_edmund, uniq_sigmund
D:7:      layout_layer_cave, mainiacjoe_overflow_alcove_2, nicolae_sextant,
          uniq_prince_ribbit1, uniq_crazy_yiuf_cottage
D:8:      layout_loops_corners, amcnicky_altar_gilded,
          chequers_temple_overflow_statue_of_worship, centaur_isle
D:9:      layout_rooms, nicolae_uskayaw_suspiria, lemuel_tele_altar,
          okawaru_trees_1, grunt_lair_entry_orc_guard_hut
D:10:     layout_basic, trog_ov_bears_minmay, mainiacjoe_overflow_catwalk,
          fedhas_bush_and_centaur_altar, chei_slow_surprise
D:11:     layout_cave_pools, zin_statuary
D:12:     layout_basic, david_orc_3, serial_shops, shop,
          nicolae_transmutations_shop
D:13:     layout_irregular_city, erik_vaults_1, uniq_urug
Temple:   corrupted_temple

Skill      XL: |  1  2  3  4  5  6  7  8  9 10 11 |
---------------+----------------------------------+-----
Maces & Flails | 3 4 5 6 7 9 10 11 | 11.3
Fighting       | 3 4 5 6 |  6.8
Dodging        | 3 4 5 6 7 8 |  8.6
Stealth        | 2 3 |  3.9
Throwing       | 1 2 3 |  3.4
Crossbows      | 2 |  2.0
Shields        | 2 3 |  3.7

Action                   |  1- 3 |  4- 6 |  7- 9 | 10-12 || total
-------------------------+-------+-------+-------+-------++-------
Melee: Mace              |    89 |   156 |   186 |   219 ||   650
       Punch             |       |     2 |     2 |     4 ||     8
 Fire: Hand crossbow     |       |       |    15 |       ||    15
Throw: Stone             |       |    17 |    24 |       ||    41
       Large rock        |       |       |       |    12 ||    12
Invok: Ancestor Life: Ba |       |     1 |       |       ||     1
       Recall Ancestor   |       |       |       |     1 ||     1
       Ancestor Identity |       |       |       |     1 ||     1
  Use: Scroll            |       |       |     1 |    11 ||    12
       Potion            |       |       |       |     1 ||     1
 Stab: Sleeping          |       |     3 |     2 |     2 ||     7
       Distracted        |       |       |     1 |     4 ||     5
Armor: Robe              |    35 |    94 |    77 |    47 ||   253
       Skin              |       |       |    86 |       ||    86
       Steam dragon scal |       |       |     5 |    28 ||    33
Dodge: Dodged            |    48 |   111 |   174 |   168 ||   501
Block: Other             |       |       |    19 |    58 ||    77
       Reflection        |       |       |    16 |     3 ||    19
